 Dungeon Crawl Stone Soup version 0.29.0-5-ge4962eb29e (webtiles) character file.

Game seed: 17150146636793023236

7277 apoch the Fighter (level 10, -4/85 HPs)
             Began as a Demonspawn Fighter on Aug 28, 2022.
             Was an Initiate of Qazlal.
             Slain by a wyvern (11 damage)
             ... on level 9 of the Dungeon.
             The game lasted 00:13:51 (13677 turns).

apoch the Fighter (Demonspawn Fighter)             Turns: 13677, Time: 00:13:52

Health: -4/85      AC: 15    Str: 21    XL:     10   Next: 89%
Magic:  14/14      EV: 11    Int: 10    God:    Qazlal [......]
Gold:   535        SH:  9    Dex: 12    Spells: 9/9 levels left

rFire   . . .      SeeInvis +   t - +10 flail "Zunlipp" {vorpal, Stlth+}
rCold   . . .      Faith    .   c - +0 buckler
rNeg    . . .      Spirit   .   z - +0 chain mail
rPois   .          Reflect  +   o - +2 hat
rElec   .          Harm     .   (no cloak)
rCorr   .          Rampage  .   A - +0 pair of gloves
Will    .....                   (no boots)
Stlth   ..........              h - amulet of reflection
HPRegen 0.24/turn               n - ring of see invisible
MPRegen 0.14/turn               q - +4 ring of evasion

@: mighty
A: hooves 2, powered by pain 2
a: Renounce Religion


You were on level 9 of the Dungeon.
You worshipped Qazlal.
Qazlal was noncommittal.
You visited 2 branches of the dungeon, and saw 11 of its levels.

You collected 535 gold pieces.

Inventory:

Hand Weapons
 a - a +0 long sword
 b - the +10 mace of True Grit {freeze, Stlth+}
   (You found it on level 2 of the Dungeon)

   It freezes those it strikes, dealing additional cold damage.
   It can also slow down cold-blooded creatures.
   Stlth:     It makes you more stealthy.
 t - the +10 flail "Zunlipp" (weapon) {vorpal, Stlth+}
   (You took it off a goblin on level 3 of the Dungeon)

   It inflicts extra damage upon your enemies.
   Stlth:     It makes you more stealthy.
 u - a +0 morningstar of venom
 D - a +1 vorpal morningstar
Missiles
 j - 19 poisoned darts
 w - 9 boomerangs
 y - 5 stones (quivered)
 H - 4 atropa-tipped darts
 K - 4 curare-tipped darts
Armour
 c - a +0 buckler (worn)
 o - a +2 hat (worn)
 p - a +0 scale mail
 z - a +0 chain mail (worn)
 A - a +0 pair of gloves (worn)
Jewellery
 h - an amulet of reflection (around neck)
 n - a ring of see invisible (left hand)
 q - a +4 ring of evasion (right hand)
 B - a +6 ring of dexterity
Wands
 G - a wand of iceblast (4)
 I - a wand of quicksilver (6)
 M - a wand of flame (13)
Scrolls
 f - a scroll of torment
 g - 5 scrolls of fog
 l - 2 scrolls of enchant armour
 m - a scroll of teleportation
 s - 3 scrolls of identify
 C - 2 scrolls of vulnerability {unknown}
 F - a scroll of blinking {unknown}
 J - a scroll of brand weapon {unknown}
 N - 2 scrolls of magic mapping
 O - a scroll of amnesia
Potions
 d - a potion of lignification
 e - 3 potions of haste
 i - 2 potions of curing
 k - a potion of ambrosia
 r - a potion of mutation
 v - 2 potions of brilliance {unknown}
 x - a potion of degeneration {unknown}
 E - a potion of heal wounds {unknown}
 L - a potion of cancellation {unknown}


   Skills:
 - Level 10.0 Fighting
 + Level 7.7 Long Blades
 - Level 10.0 Armour
 - Level 2.7 Shields
 + Level 5.8 Invocations


You had 9 spell levels left.
You didn't know any spells.
Your spell library contained the following spells:

 Spells                   Type           Power      Damage    Failure   Level
 Sandblast                Erth           0%         2d4       97%         1
 Summon Small Mammal      Summ           0%         N/A       97%         1
 Passwall                 Tmut/Erth      0%         N/A       99%         2
 Sublimation of Blood     Necr           0%         N/A       99%         2
 Call Canine Familiar     Summ           0%         N/A       100%        3
 Dazzling Flash           Conj/Hex       0%         N/A       100%        3
 Frozen Ramparts          Ice            0%         1d1       100%        3
 Stone Arrow              Conj/Erth      0%         3d7       100%        3
 Summon Guardian Golem    Hex/Summ       0%         N/A       100%        3
 Ice Form                 Ice/Tmut       0%         N/A       100%        4
 Petrify                  Tmut/Erth      0%         N/A       100%        4
 Summon Ice Beast         Ice/Summ       0%         N/A       100%        4
 Agony                    Necr           0%         N/A       100%        5
 Irradiate                Conj/Tmut      0%         3d11      100%        5
 Silence                  Hex/Air        0%         N/A       100%        5


Dungeon Overview and Level Annotations

Branches:
Dungeon (10/15)            Temple (1/1) D:7
   Lair: D:8-11         Orc: D:9-12

Altars:
Ashenzari
Cheibriados
Dithmenos
Fedhas
Gozag
Hepliaklqana
Kikubaaqudgha
Makhleb
Nemelex Xobeh
Okawaru
Qazlal
Sif Muna
Trog
Uskayaw
Vehumet
Wu Jian
Xom
Yredelemnul

Shops:
D:3 [   D:6 =

Annotations:
D:8 1 runed translucent door, Adrian566's ghost, novice HOFi


Innate Abilities, Weirdness & Mutations

You have hoof-like feet.
You sometimes gain power by taking damage.


Message History

The water moccasin misses you. The wolf barely misses you.
The wyvern barely misses you. You block the water moccasin's attack.
The wolf closely misses you. You block the wyvern's attack.
You feel sick.
The water moccasin bites you but does no damage.
The wolf pauses to sniff the ground.
You block the wolf's attack.
You hit the water moccasin.
The water moccasin is moderately wounded.
You feel sick. You block the wolf's attack. The water moccasin bites you.
You are more poisoned.
The water moccasin poisons you! You block the wyvern's attack.
The wolf closely misses you. You block the water moccasin's attack.
The wyvern closely misses you. The wolf bites you.
* * * LOW HITPOINT WARNING * * *
The water moccasin closely misses you.
You barely miss the water moccasin.
The water moccasin is moderately wounded.
You feel very sick. You block the wyvern's attack.
The wolf bites you but does no damage.
The water moccasin bites you but does no damage.
The wyvern bites you!
* * * LOW HITPOINT WARNING * * *
The wolf closely misses you. The water moccasin barely misses you.
You barely miss the water moccasin. Your kick misses the water moccasin.
The water moccasin is lightly wounded.
* * * LOW HITPOINT WARNING * * *
You feel very sick. You block the wolf's attack.
The wyvern bites you but does no damage.
The wolf bites you.
* * * LOW HITPOINT WARNING * * *
The wyvern hisses menacingly.
The wyvern bites you but does no damage.
The water moccasin bites you but does no damage.
You block the wolf's attack. The wyvern completely misses you.
Unknown command.
You feel better. You block the water moccasin's attack.
You block the wolf's attack. The wyvern bites you!
You die...

..............#[.)#...#..#...#
..............#...#...#..#...#
..............#...#...#..#...#
####.#####.####.####..####...#
..#..#...#...#..#..#..#..#...#
..'..#...#...#..'..#..#..#...#
..######'######l####..#..#...#
......#...#...#lS#.......#...#
......#...#...#h@#....##'#...#
......)...#...#..#....#).#...#
......#...#...#..#....#..#...#
...########...#..#....#..##'##
.........#............#......#
.........#............#......#
#'#...########.###############
..#####...#....#..#...#......#
..#...#...'....#..#...#......#


You could see a water moccasin, 2 wyverns and a wolf.

Vanquished Creatures
  A two-headed ogre (D:7)
  A centaur warrior (D:8)
  A cyclops (D:8)
  2 gargoyles
  A hornet (D:9)
  Sigmund (D:6)
  A vampire (D:7)
  A wyvern (D:9)
  2 steam dragons
  A water moccasin (D:8)
  2 ice beasts
  A sky beast (D:6)
  2 orc warriors
  3 black bears
  2 wolves
  4 ogres
  3 centaurs
  2 phantoms (D:6)
  Blork the orc (D:5)
  3 kobold brigands
  2 bullfrogs (D:7)
  2 scorpions
  A necrophage (D:8)
  3 wights
  6 killer bees
  6 howler monkeys
  5 hounds
  4 jellies
  A gnoll bouda (D:9)
  9 orc priests
  3 iguanas
  12 orc wizards
  5 gnolls
  11 adders
  A shadow imp (D:6)
  A white imp (D:5)
  2 ufetubi
  6 worms
  3 dart slugs
  30 orcs
  6 ball pythons
  5 endoplasms
  3 giant cockroaches
  7 goblins
  5 hobgoblins
  6 quokkas
  6 bats
  4 frilled lizards
  15 kobolds
  4 rats
209 creatures vanquished.

Vanquished Creatures (others)
  An orc wizard (D:7)
  A gnoll (D:9)
  A kobold (D:8)
  4 plants (D:10)
7 creatures vanquished.

Grand Total: 216 creatures vanquished

Notes
Turn   | Place    | Note
-------+----------+-------------------------------------------
     0 | D:1      | apoch the Demonspawn Fighter began the quest for the Orb.
     0 | D:1      | Reached XP level 1. HP: 18/18 MP: 1/1
   255 | D:1      | Gained mutation: You have large cloven feet. [demonic
                  | ancestry]
   255 | D:1      | Reached XP level 2. HP: 24/24 MP: 2/2
  1105 | D:2      | Reached XP level 3. HP: 29/29 MP: 3/3
  1363 | D:2      | Identified the +1 chain mail "Ciwempi" {Harm Str+4}
  1403 | D:2      | Identified the +10 mace of True Grit {freeze, Stlth+}
  1632 | D:2      | Reached XP level 4. HP: 17/37 MP: 4/4
  2653 | D:3      | Found Ekhleopso's Armour Shop.
  2844 | D:3      | Gained mutation: You sometimes gain a little power by
                  | taking damage. [demonic ancestry]
  2844 | D:3      | Reached XP level 5. HP: 19/42 MP: 5/5
  3064 | D:3      | Identified the +10 flail "Zunlipp" {vorpal, Stlth+}
  3389 | D:3      | Found a broken altar of Ashenzari.
  3422 | D:3      | Found a shimmering blue altar of Sif Muna.
  3532 | D:4      | Noticed an ogre
  3543 | D:3      | Killed an ogre
  3759 | D:4      | Reached XP level 6. HP: 37/50 MP: 6/6
  3761 | D:4      | Reached skill level 5 in Fighting
  4355 | D:5      | Entered Level 5 of the Dungeon
  4557 | D:5      | Reached skill level 5 in Armour
  4643 | D:5      | Noticed Blork the orc
  4659 | D:5      | Killed Blork the orc
  4660 | D:5      | Reached XP level 7. HP: 29/57 MP: 7/7
  5104 | D:5      | Identified the +6 chain mail of Free Expression {+Inv rN+
                  | MP+9 Dex-4}
  5145 | D:5      | Found a large runed translucent door.
  5145 | D:5      | Found a large runed translucent door.
  5749 | D:5      | Found an opulent altar of Gozag.
  5757 | D:5      | Found a bloodstained altar of Trog.
  5823 | D:6      | Reached XP level 8. HP: 45/65 MP: 8/8
  5857 | D:6      | HP: 3/65 [centaur (3)]
  6330 | D:6      | Noticed Sigmund
  6339 | D:6      | Killed Sigmund
  6962 | D:6      | Reached skill level 5 in Long Blades
  7077 | D:6      | Found Xycrar's Jewellery Shoppe.
  7404 | D:6      | Gained mutation: You have hoof-like feet. [demonic
                  | ancestry]
  7404 | D:6      | Reached XP level 9. HP: 70/74 MP: 9/9
  8476 | D:7      | Found a sparkling altar of Nemelex Xobeh.
  8586 | D:7      | Found a staircase to the Ecumenical Temple.
  9234 | D:7      | Found a hazy altar of Hepliaklqana.
  9235 | D:7      | Found a faded altar of an unknown god.
  9448 | D:8      | Noticed a two-headed ogre
  9470 | D:7      | HP: 4/115 [poisoned by a killer bee]
  9474 | D:7      | HP: 1/115 [poisoned by a killer bee]
 10236 | D:7      | Killed a two-headed ogre
 10237 | D:7      | Gained mutation: You sometimes gain power by taking damage.
                  | [demonic ancestry]
 10237 | D:7      | Reached XP level 10. HP: 52/85 MP: 10/10
 10678 | D:8      | Reached skill level 10 in Fighting
 10709 | D:8      | Noticed a cyclops
 10710 | D:8      | Noticed a gargoyle
 10710 | D:8      | Noticed a centaur warrior
 10717 | D:8      | Killed a gargoyle
 11384 | Temple   | Entered the Ecumenical Temple
 11470 | Temple   | Became a worshipper of Qazlal Stormbringer
 11555 | D:8      | Killed a centaur warrior
 11584 | D:8      | Killed a cyclops
 11671 | D:8      | Found a runed translucent door.
 11672 | D:8      | Noticed Adrian566's ghost (novice HOFi)
 11674 | D:8      | Noticed a six-headed hydra
 12129 | D:9      | Paralysed by a hornet for 1 turns
 12136 | D:9      | Reached skill level 10 in Armour
 12960 | D:9      | Noticed a gargoyle
 12970 | D:9      | Killed a gargoyle
 12971 | D:9      | Reached skill level 5 in Invocations
 13619 | D:10     | Entered Level 10 of the Dungeon
 13625 | D:10     | Noticed a two-headed ogre
 13676 | D:9      | HP: 2/85 [wolf (6)]
 13677 | D:9      | Slain by a wyvern

Illustrated notes

Levels and vault maps discovered:
D:1:      dpeg_arrival_rooms_b, layout_basic, minmay_tromino_mix6
D:2:      minmay_chambers_of_ones, layout_basic
D:3:      layout_loops_ring, cheibrodos_ashenzari_chains,
          mainiacjoe_overflow_tiny_flanked, serial_shops, nicolae_shop_crystal
D:4:      layout_rooms, grunt_ministairs_15, grunt_decor_resistance
D:5:      layout_cave_pods, jmf_multi_god_temple2, uniq_blork_the_orc
D:6:      layout_basic, serial_shops, shop, uniq_sigmund
D:7:      layout_cave_pools, nemelex_dance_club_becter,
          beargit_hepliaklqana_dungeon_heroes, minmay_temple_entry_offerings
D:8:      minmay_chambers_of_sixes, layout_cave_pools, ebering_ghost_inner_flame
D:9:      layout_grid_maze, lemuel_round_altar
D:10:     layout_loops_ring, nicolae_ru_sacrificial_ziggurat,
          minmay_lair_entry_grove, serial_glass, glass_columns_b,
          glass_columns_a, kennysheep_generic_room_9
Temple:   nicolae_temple_superstar

Skill      XL: |  1  2  3  4  5  6  7  8  9 10 |
---------------+-------------------------------+-----
Armour         | 3 4 5 6 7 9 10 | 10.0
Long Blades    | 2 3 4 5 6 7 |  7.7
Fighting       | 4 5 6 8 9 10 | 10.0
Invocations    | 5 |  5.8
Shields        | |  2.7

Action                   |  1- 3 |  4- 6 |  7- 9 | 10-12 || total
-------------------------+-------+-------+-------+-------++-------
Melee: Long sword        |    82 |       |       |       ||    82
       Kick              |    15 |    16 |    61 |    26 ||   118
       Mace              |    12 |    42 |       |       ||    54
       Flail             |       |    52 |   229 |   117 ||   398
Throw: Stone             |     8 |    23 |    11 |    40 ||    82
  Use: Scroll            |       |    10 |     3 |       ||    13
       Potion            |       |     1 |     4 |     1 ||     6
Armor: Scale mail        |    38 |    47 |    65 |       ||   150
       Chain mail        |       |       |   102 |    60 ||   162
Dodge: Dodged            |    31 |    31 |   208 |    77 ||   347
Block: Buckler           |    19 |    19 |   139 |    82 ||   259
       Reflection        |       |       |     3 |    10 ||    13
